[Event "*** Titled Tuesday Blitz"]
[Site "Chess.com"]
[Date "2020.03.03"]
[Round "4"]
[White "HouseOfDurin"]
[Black "RemcoSpr"]
[Result "0-1"]
[WhiteElo "2083"]
[BlackElo "2268"]
[TimeControl "180+1"]
[EndTime "13:42:52 PST"]
[Termination "RemcoSpr won by resignation"]

1. d4 Nf6 2. Bg5 Ne4 3. h4 c5 4. dxc5 Nxc5 5. Nd2 Nc6 6. e4 f6 7. Be3 e6 8. c3 d5 9. exd5 exd5 10. b4 Ne6 11.
Bd3 Ne5 12. Bc2 Qc7 13. Ne2 Bd7 14. Nb3 Bb5 15. Nbd4 Nxd4 16. Bxd4 O-O-O 17. a4 Bc4 18. O-O Kb8 19. Bf5 g6 20. Bh3 g5 21. hxg5 fxg5 22.
Bxe5 Qxe5 23. Re1 Bd6 24. g3 h5 25. Qd4 Rhe8 26. Qxe5 Rxe5 27. Nd4 Rde8 28. Rxe5 Rxe5 29. Bf1 h4 30. Bxc4 dxc4 31. Kf1 hxg3 32. fxg3 Re3 33.
Re1 Rxg3 34. Re6 Bf4 35. Nb5 Kc8 36. Re4 a6 37. Rxc4+ Kd7 38. Nd4 Rd3 39. Rc5 g4 40. Rd5+ Kc8 41. Rc5+ Kb8 42. Rd5 Rxc3 43. Kg2 Ra3 44. Ne2 Ra2 45. Kf1 Bc7 46. Rg5 Rxa4 47. Rxg4 Ka7 48. Rd4 Bb6 49. Rf4 Ra1+ 50. Kg2 Ra2 51.
Kf3 Ra3+ 52. Kg2 Bc7 53. Kf1 Bxf4 54. Nxf4 Ra4 55. Nd5 Kb8 56. Ke2 a5 57. Kd3 axb4 58. Kc4 Ra1 59. Nxb4 Rc1+ 60. Kb3 Kc7 61. Nd3 Rd1 62.
Kc3 Rh1 63. Nb4 Rh3+ 64. Kc4 Kb8 65. Nd5 Rh4+ 66. Kc5 Ka7 67. Kd6 Rh5 68. Kc5 Ka6 69. Kc4 b5+ 70. Kc5 Ka5 71. Kd4 Rxd5+ 72. Kxd5 Kb4 73. Kd4 Ka3 74. Kd3 b4 75. Kd2 Ka2 76. Kc2 b3+ 77. Kc1 b2+ 78. Kd2 b1=Q 79. Ke3 Qb4 80.
Kd3 Qf4 81. Kc3 Qe4 82. Kd2 Qf3 83. Kc2 Qe3 84. Kd1 Qf2 85. Kc1 Kb3 0-1

[Event "*** Titled Tuesday Blitz"]
[Site "Chess.com"]
[Date "2020.03.03"]
[Round "4"]
[White "RiskyDecision"]
[Black "Hrant_ChessMood"]
[Result "0-1"]
[WhiteElo "2629"]
[BlackElo "2938"]
[TimeControl "180+1"]
[EndTime "13:43:02 PST"]
[Termination "Hrant_ChessMood won by resignation"]

1. d4 Nf6 2. c4 g6 3. g3 Bg7 4. Bg2 O-O 5. Nc3 d6 6. Nf3 Nc6 7. O-O e5 8. dxe5 dxe5 9. Bg5 Be6 10. Qa4 Qc8 11. Rfd1 Nd7 12. Nd5 Nb6 13. Qb5 f6 14. Be3 Rf7 15. Bc5 Bf8 16. Bxf8 Qxf8 17. Ne1 Nd4 18.
Nxf6+ Rxf6 19. Qxe5 c5 20. Bxb7 Rxf2 21. Bf3 Nxc4 22.
Qe4 Nd6 23. Qe3 Rxf3 24. exf3 Re8 25. Qf2 Bd5 26. Rxd4 cxd4 27. Qxd4 Ba8 28. Rd1 Nf7 29. Qxa7 Ng5 30. Qf2 Rxe1+ 31. Rxe1 Nxf3+ 32. Kf1 Nxe1 33. Kxe1 Qxf2+ 34. Kxf2 Kf7 35. Ke3 Ke6 36. Kf4 h6 37. h4 Bd5 38. a3 Bb3 39. g4 Bc2 40. b4 Ba4 41. Ke4 Bd1 42. Kf4 Be2 43. a4 Bd1 44. a5 Be2 45. h5 g5+ 46. Ke3 Bb5 47. Kd4 Kd6 48. Ke4 Bd7 49. Kd4 Bxg4 50. b5 Bxh5 51. a6 Bf3 52. b6 Kc6 53. b7 Kc7 54. Ke3 Bxb7 55. a7 Ba8 56. Kf2 Kb6 57. Kg3 Kxa7 58.
Kg4 Kb6 59. Kh5 Kc5 60. Kg4 Kd4 61. Kh5 Be4 62. Kg4 Ke3 63. Kh5 Kf4 64. Kxh6 g4 65. Kh5 g3 0-1

[Event "*** Titled Tuesday Blitz"]
[Site "Chess.com"]
[Date "2020.03.03"]
[Round "4"]
[White "GameOverBro"]
[Black "johnathan113"]
[Result "0-1"]
[WhiteElo "2579"]
[BlackElo "2759"]
[TimeControl "180+1"]
[EndTime "13:43:07 PST"]
[Termination "johnathan113 won by checkmate"]

1. e4 g6 2. Nc3 c5 3. Nge2 Bg7 4. d4 cxd4 5. Nxd4 Nc6 6. Nde2 Nf6 7. g3 O-O 8. Bg2 d6 9. O-O a6 10. a4 Rb8 11.
Nd5 Nxd5 12. exd5 Ne5 13. Ra2 Qc7 14. b3 b5 15. axb5 axb5 16. Nd4 Bg4 17. f3 Bd7 18. Be3 Ra8 19. Rxa8 Rxa8 20. h3 Qc3 21. Re1 g5 22.
Bxg5 Qxd4+ 23. Qxd4 Nxf3+ 24. Bxf3 Bxd4+ 25. Kg2 Ra2 26.
Rxe7 Rxc2+ 27. Be2 Be6 28. Kf1 Bxd5 29. Bh6 f5 30. Bh5 Rc8 31. b4 Bc3 32. g4 f4 33.
g5 f3 34. g6 hxg6 35. Bxg6 Bd4 36. Bh7+ Kh8 37. Bd3 Ra8 38. Ke1 f2+ 39. Kd2 Ra2+ 40.
Kc1 Ra1+ 41. Kd2 Ra2+ 42. Kc1 f1=Q+ 43. Bxf1 Ra1+ 44. Kd2 Rxf1 45. Kd3 Be5 46. h4 Rf3+ 47. Ke2 Rh3 48. Bg5 Bc4+ 49. Kf2 Rb3 50. h5 Bd4+ 51.
Kg2 Bd5+ 52. Kh2 Be5+ 53. Kg1 Rg3+ 54. Kf2 Rxg5 55. h6 Rg6 56. h7 Rg7 57. Re8+ Kxh7 58.
Kf1 Rf7+ 59. Ke2 Bc4+ 60. Ke3 Kg6 61. Ke4 Kf6 62. Rg8 Ke7 63. Rb8 Rf4+ 64. Ke3 Rh4 65.
Rb7+ Ke6 66. Rb8 Bd4+ 67. Kf3 Kd5 68. Kg3 Re4 69. Rg8 Re3+ 70. Kf4 Bd3 71. Rb8 Re4+ 72. Kf3 Be5 73. Rg8 Rxb4 74. Ke3 Bf5 75. Kd2 Rb3 76. Kc1 Rc3+ 77. Kd2 Rc2+ 78. Ke3 b4 79. Rb8 Rc3+ 80.
Kd2 b3 81. Rb5+ Ke4 82. Rb4+ Bd4 83. Rb8 Rc2+ 84. Kd1 Rh2 85. Re8+ Kd3 86. Re1 Rd2+ 87. Kc1 Bb2+ 88. Kb1 Kc3+ 89. Re4 Bxe4# 0-1

[Event "*** Titled Tuesday Blitz"]
[Site "Chess.com"]
[Date "2020.03.03"]
[Round "4"]
[White "gui_borba"]
[Black "WiktoriaPOL"]
[Result "1/2-1/2"]
[WhiteElo "2347"]
[BlackElo "2172"]
[TimeControl "180+1"]
[EndTime "13:43:15 PST"]
[Termination "Game drawn by 50-move rule"]

1. d4 Nf6 2. Bf4 d5 3. e3 c5 4.
c3 Nc6 5. Nd2 Bf5 6. Ngf3 Qb6 7. Qb3 c4 8. Qxb6 axb6 9. a3 b5 10.
Rc1 Nh5 11. Ne5 Nxf4 12. exf4 f6 13. Nef3 e6 14. g3 Bd6 15. Nh4 Bg6 16. Bh3 e5 17. fxe5 fxe5 18. dxe5 Nxe5 19. O-O Nd3 20. Rb1 Kf7 21.
Nxg6 hxg6 22. Bg2 Ke6 23. Nf3 Be5 24. Ng5+ Kf6 25. f4 Bd6 26. Bxd5 Bc5+ 27. Kg2 Rae8 28.
Ne4+ Kf5 29. Nxc5 Nxc5 30. Rfe1 Nd3 31. Rxe8 Rxe8 32. Bxb7 Re2+ 33. Kf3 Rxh2 34. Be4+ Ke6 35. Bxd3 cxd3 36. Ke3 Rg2 37. Kxd3 Rxg3+ 38. Ke4 g5 39.
fxg5 Rxg5 40. Kd4 Rd5+ 41. Ke3 g5 42. Rh1 Kf5 43. Ra1 Re5+ 44. Kf3 g4+ 45. Kg3 Re3+ 46. Kg2 Re2+ 47. Kg3 Rxb2 48. a4 bxa4 49. Rxa4 Rb3 50.
Rf4+ Ke5 51. Rc4 Kd5 52. Rc8 Ke4 53. Rd8 Rxc3+ 54. Kxg4 Re3 55. Rd7 Rd3 56. Re7+ Kd4 57. Kf4 Kc3 58. Rc7+ Kd2 59. Ke4 Re3+ 60. Kf4 Rd3 61.
Ke4 Re3+ 62. Kf5 Rf3+ 63. Kg4 Re3 64. Kh4 Rd3 65. Re7 Rd4+ 66. Kg5 Rd3 67. Kf6 Re3 68.
Ra7 Rf3+ 69. Ke6 Rh3 70. Ra1 Rh6+ 71. Kf5 Rh5+ 72. Ke4 Rh4+ 73. Kf3 Rh3+ 74. Kg4 Rd3 75. Ra7 Kc3 76. Kf4 Rd4+ 77. Ke3 Rd3+ 78. Ke2 Rd2+ 79. Ke3 Rd3+ 80. Ke4 Rd4+ 81. Ke5 Rc4 82. Kd5 Rd4+ 83. Kc5 Rc4+ 84. Kb5 Rb4+ 85. Kc5 Rc4+ 86. Kd5 Rd4+ 87. Ke6 Rc4 88. Ke5 Rc5+ 89. Ke4 Rc4+ 90. Ke3 Rc5 91. Ke2 Re5+ 92. Kd1 Kd3 93. Rd7+ Kc3 94. Rh7 Rg5 95. Rh3+ Kd4 96. Kd2 Rg2+ 97. Kc1 Ke4 98. Rh4+ Ke3 99. Rc4 Kf3 100. Kb1 Ke3 101. Rc8 Kd3 102. Kc1 Ke3 103. Kb1 Kd3 104. Rd8+ 1/2-1/2

[Event "*** Titled Tuesday Blitz"]
[Site "Chess.com"]
[Date "2020.03.03"]
[Round "4"]
[White "dusanacns"]
[Black "josmito10"]
[Result "1-0"]
[WhiteElo "2630"]
[BlackElo "2827"]
[TimeControl "180+1"]
[EndTime "13:43:21 PST"]
[Termination "dusanacns won by resignation"]

1. e4 c5 2. Nf3 Nc6 3. Bb5 d6 4. d4 cxd4 5. Qxd4 a6 6. Bxc6+ bxc6 7. c4 e5 8. Qd3 Qc7 9. O-O Be7 10. Nc3 Nf6 11.
Bg5 O-O 12. Rfd1 Rd8 13. Rac1 Bg4 14. h3 Bh5 15. b4 h6 16. Bxf6 Bxf6 17. a4 Bxf3 18.
Qxf3 Qb7 19. b5 axb5 20. cxb5 cxb5 21. Rb1 b4 22. Nd5 Bg5 23. Rxb4 Qa7 24. g3 Rdb8 25. Rdb1 Rxb4 26. Rxb4 Bd8 27. Kg2 Qc5 28. Qb3 Ba5 29. Rb7 Rf8 30. Rb5 Qa7 31. Rb7 Qd4 32. Qc2 Kh8 33. Ne7 g6 34. Nc6 Qd2 35. Qxd2 Bxd2 36. a5 Ra8 37. Rxf7 Bxa5 38. Rf6 Kg7 39. Rxd6 Be1 40.
Nxe5 Ra2 41. Rxg6+ Kh7 42. Rf6 Bc3 43. Rf7+ Kg8 44.
Rf5 Bd4 45. Ng4 Kg7 46. h4 h5 47. Nh2 Kg6 48. Rf3 Rb2 49. Nf1 Re2 50. Ne3 Bc5 51. Kf1 Ra2 52. Nd5 Ra1+ 53. Kg2 Ra2 54. Rf5 Bd4 55. Nf4+ Kh7 56. Nxh5 Kg8 57. Nf6+ Kf7 58. Ng4+ Ke6 59. h5 Re2 60. Rf4 Ra2 61. h6 Ra8 62.
Rf5 Rg8 63. Kh3 Rh8 64. Rh5 Kf7 65. f4 Kg6 66. Rh4 Rh7 67. Nh2 Bf6 68. Rg4+ Kxh6 69. e5 Be7 70. Kg2 Rf7 71. Nf3 Rf8 72. Nd4 Bb4 73. Kf3 Bc3 74. Ke4 Rd8 75. Nf5+ Kh7 76.
Rg7+ Kh8 77. Rg5 Bb2 78. Kf3 Rd3+ 79. Kg4 Bc3 80. Rh5+ Kg8 81. Rg5+ Kf7 82. Rh5 Be1 83.
Rh7+ Kg8 84. Rc7 Kf8 85. Rc6 Kg8 86. e6 Kf8 87. Rc8+ 1-0

[Event "*** Titled Tuesday Blitz"]
[Site "Chess.com"]
[Date "2020.03.03"]
[Round "4"]
[White "GMsKoRPioN"]
[Black "Eliwood44"]
[Result "1-0"]
[WhiteElo "2520"]
[BlackElo "2311"]
[TimeControl "180+1"]
[EndTime "13:43:22 PST"]
[Termination "GMsKoRPioN won by resignation"]

1. d4 d5 2. c4 e6 3. Nf3 Nf6 4. Nc3 Be7 5. Bf4 O-O 6. e3 b6 7. cxd5 Nxd5 8. Nxd5 Qxd5 9. a3 c5 10. Be2 Nc6 11. dxc5 Qxd1+ 12. Rxd1 Bxc5 13. b4 Be7 14. Rc1 Bb7 15. O-O Rac8 16. Rfd1 Rfd8 17. h3 Rxd1+ 18.
Rxd1 Rd8 19. Rc1 Kf8 20. Bb5 Rc8 21. h4 f6 22. h5 e5 23. Bg3 Nd8 24. Rd1 Rc3 25.
Nh4 Bc8 26. Rd3 Rc1+ 27. Kh2 Bg4 28. f3 Bxh5 29. e4 Be8 30. Bxe8 Kxe8 31. Nf5 g6 32. Ne3 a5 33. Nd5 axb4 34. axb4 Nc6 35. b5 Nb4 36. Nxb4 Bxb4 37. Bf2 Bc5 38. Bxc5 Rxc5 39. Rd6 Rxb5 40. Rxf6 Rb2 41. Re6+ Kf7 42. Rxe5 b5 43. Rc5 b4 44. Rc7+ Kg8 45. Rb7 b3 46. Kg3 h6 47. Rb6 Kf7 48. Rb7+ Kf6 49. Kf4 Rxg2 50. Rb6+ Kf7 51. Rxb3 Re2 52.
Rb6 Re1 53. Ke5 Ra1 54. Rf6+ Kg7 55. Rd6 Kf7 56. Rd7+ Ke8 57. Rg7 Ra5+ 58. Kf4 Ra6 59.
Rh7 h5 60. Kg5 Kf8 61. Rb7 Ra3 62. f4 Ra6 63. e5 Ke8 64. Rg7 Kf8 65. Rh7 Kg8 66.
Rb7 Kf8 67. Rd7 Ke8 68. Rh7 Kf8 69. f5 gxf5 70. Kxf5 Rb6 71. Rxh5 Ke8 72. Rh8+ Ke7 73. Rh7+ Ke8 74. Ra7 Rc6 75. Ra5 Rb6 76. Ra4 Ke7 77.
Rh4 Ke8 78. Rh7 Ra6 79. Ke4 Rb6 80. Kd5 Rb5+ 81. Kd6 Rb6+ 82. Kc5 Re6 83. Kd5 Ra6 84. Rb7 Ra5+ 85. Ke6 Ra6+ 86. Kf5 Rc6 87. Kg5 Ra6 88. Kf4 Rc6 89. Ke4 Ra6 90. Rb8+ Ke7 91. Rh8 Ra4+ 92. Kf5 Ra5 93. Rh7+ Ke8 94. Kf6 Ra1 95. Rh8+ Kd7 96. e6+ Kd6 97. Rd8+ Kc7 98. e7 Rf1+ 99. Kg5 Rg1+ 100. Kf4 Re1 101. e8=Q 1-0

[Event "*** Titled Tuesday Blitz"]
[Site "Chess.com"]
[Date "2020.03.03"]
[Round "4"]
[White "AntonSmirnov"]
[Black "Man-Chuk"]
[Result "1-0"]
[WhiteElo "2935"]
[BlackElo "2789"]
[TimeControl "180+1"]
[EndTime "13:43:51 PST"]
[Termination "AntonSmirnov won by checkmate"]

1. e4 e5 2. Nf3 Nc6 3. Bb5 Nf6 4. O-O Nxe4 5. d4 Nd6 6. Bxc6 dxc6 7. dxe5 Nf5 8. Qxd8+ Kxd8 9. Rd1+ Ke8 10. h3 h5 11.
Nc3 Be6 12. Ne2 Bd5 13. Nfd4 Nxd4 14. Nxd4 Bc5 15. Bg5 Bxd4 16. Rxd4 b5 17. b3 Rf8 18. Re1 Be6 19. Rh4 c5 20. Rxh5 Kd7 21. Rh7 Rg8 22. g4 Kc6 23. f4 g6 24. Kf2 a5 25. h4 a4 26. h5 axb3 27. axb3 Ra2 28. h6 Rxc2+ 29. Re2 Rc1 30. Bf6 Bxg4 31. Rd2 Rh1 32. Kg2 Rh3 33. Rg7 Rh8 34. Bg5 Be6 35. f5 Rh5 36. fxe6 Rxg5+ 37. Kf3 fxe6 38. h7 Rxe5 39. Rdd7 Rh5 40. Ke4 Kb6 41. Rxc7 Ka5 42. Rb7 Kb4 43. Kd3 Rh2 44. Ke4 Rh3 45. Ke5 g5 46. Ke4 g4 47.
Kf4 g3 48. Kf3 Rh1 49. Kg2 Rh6 50. Kxg3 Kxb3 51. Rxb5+ Kc4 52. Rbb7 Kc3 53. Kf4 Rh1 54. Ke5 c4 55. Kxe6 Kc2 56. Kd5 c3 57. Kd4 Rh4+ 58. Ke3 Rh3+ 59. Kf2 Rh2+ 60. Kg3 Rh1 61. Kg2 Rh6 62. Kf2 Kc1 63. Rg1+ Kd2 64. Rd7+ Kc2 65.
Rgg7 Kc1 66. Ke2 c2 67. Rg1+ Kb2 68. Rb7+ Ka2 69. Ra7+ Kb3 70. Rb7+ Kc3 71. Rc7+ Kb3 72. Rg3+ Kb2 73. Rb7+ Ka2 74. Ra7+ Kb2 75. Rb7+ Ka2 76. Rc3 Rh2+ 77. Kd3 Rd8+ 78. Ke4 Rh4+ 79. Kf5 Rh5+ 80. Kg6 Rh2 81. Rc5 Rd3 82. Rxc2+ Rxc2 83. h8=Q Rg2+ 84. Kf5 Rf2+ 85. Ke4 Rdd2 86. Qa8# 1-0

[Event "*** Titled Tuesday Blitz"]
[Site "Chess.com"]
[Date "2020.03.03"]
[Round "4"]
[White "yoolund"]
[Black "saraswathii"]
[Result "1/2-1/2"]
[WhiteElo "2543"]
[BlackElo "2224"]
[TimeControl "180+1"]
[EndTime "13:44:33 PST"]
[Termination "Game drawn by stalemate"]

1. d4 Nf6 2. Bg5 g6 3. Bxf6 exf6 4. c4 Bg7 5. Nc3 O-O 6. g3 c6 7. Bg2 d6 8. e3 Re8 9. Nge2 Nd7 10. O-O Nb6 11. Qd3 Be6 12. d5 cxd5 13. Nxd5 Nxd5 14. Bxd5 Qb6 15. b3 Bxd5 16. Qxd5 Rad8 17. Rad1 Re5 18.
Qd2 f5 19. Nf4 Qa6 20. Nd5 h5 21. h4 b6 22. a4 Qb7 23. Qb4 Re4 24. Nf4 Qe7 25. Rd5 Re5 26. Rfd1 Rxd5 27. Rxd5 Be5 28. Nd3 Bg7 29. Nf4 Be5 30. Qd2 Bxf4 31. exf4 Qe4 32.
Qd3 Qe6 33. b4 Qe1+ 34. Kg2 Qxb4 35. a5 Kf8 36. Rb5 Qe1 37. axb6 axb6 38. Rxb6 Qe4+ 39.
Qxe4 fxe4 40. Kf1 Ke7 41. Ke2 d5 42. cxd5 Rxd5 43. Ke3 Rd1 44. Kxe4 Re1+ 45. Kf3 Ra1 46. Rb5 Ra3+ 47. Kg2 Kf6 48. Rb6+ Kf5 49. Rb5+ Kf6 50.
Rb6+ Kf5 51. Rb8 Kf6 52. Kg1 Kf5 53. Rb5+ Kf6 54. Kf1 Ra2 55. Rg5 Rb2 56. Kg2 Ra2 57. f5 Rb2 58. fxg6 fxg6 59. Rc5 Ra2 60. Rc6+ Kg7 61.
Rc4 Rb2 62. Rf4 Kh6 63. Rf3 Ra2 64. Rf4 Rb2 65. Kf3 Rb3+ 66. Ke4 Rb2 67. Ke5 Rb5+ 68. Ke6 Rb6+ 69. Kd7 Kh7 70. Kc7 Rb2 71. Kc6 Kg7 72.
Kc5 Rc2+ 73. Kd4 Ra2 74. Ke3 Ra1 75. Kf3 Ra3+ 76. Kg2 Rb3 77. Rf3 Rb2 78. Re3 Ra2 79. Kf3 Rb2 80. Re2 Rb3+ 81. Kg2 Rb7 82. f3 Rf7 83. Rf2 Re7 84. Kf1 Rf7 85. Ke2 Re7+ 86. Kd3 Ra7 87. Ke4 Ra4+ 88. Ke3 Ra5 89. Ke2 Ra2+ 90.
Kf1 Ra1+ 91. Kg2 Kf6 92. f4 Kf5 93. Rc2 Ra3 94. Rc5+ Kf6 95. Kh3 Rb3 96. Rg5 Rc3 97. Kh2 Rc2+ 98. Kh3 Rc3 99. f5 gxf5 100. Rxh5 f4 101. Rg5 fxg3 102. Rxg3 Rxg3+ 103. Kxg3 Kg6 104. Kg4 Kh6 105. h5 Kh7 106. Kg5 Kh8 107. h6 Kg8 108. Kh5 Kh8 109.
Kg6 Kg8 110. Kg5 Kh8 111. Kh5 Kg8 112. Kg6 Kh8 113. h7 1/2-1/2

[Event "*** Titled Tuesday Blitz"]
[Site "Chess.com"]
[Date "2020.03.03"]
[Round "5"]
[White "Aleksandr_Kozak"]
[Black "Vyacheslav_N"]
[Result "1-0"]
[WhiteElo "2258"]
[BlackElo "2510"]
[TimeControl "180+1"]
[EndTime "13:45:56 PST"]
[Termination "Aleksandr_Kozak won by checkmate"]

1. e4 c5 2. c3 d5 3. exd5 Qxd5 4. d4 g6 5. Nf3 Bg7 6. Na3 cxd4 7.
Bc4 Qe4+ 8. Be3 Nh6 9. Nb5 dxe3 10. Nc7+ Kf8 11. Qd8# 1-0

[Event "*** Titled Tuesday Blitz"]
[Site "Chess.com"]
[Date "2020.03.03"]
[Round "5"]
[White "Bongcloudtransvestit"]
[Black "mitraasz"]
[Result "1-0"]
[WhiteElo "2347"]
[BlackElo "2151"]
[TimeControl "180+1"]
[EndTime "13:47:12 PST"]
[Termination "Bongcloudtransvestit won by resignation"]

1. d4 d5 2. c4 e6 3. Nf3 Nf6 4. g3 Bb4+ 5. Bd2 Be7 6. Bg2 O-O 7. O-O c6 8. Qc2 b6 9. Rc1 Bb7 10. cxd5 exd5 11. Nc3 Nbd7 12. Bf4 Rc8 13. Qb3 Re8 14. Rd1 Nf8 15. Rac1 Ng6 16. Ne5 Nxf4 17. gxf4 Nd7 18. e4 dxe4 19. Qxf7+ Kh8 20. Qh5 Nxe5 21. dxe5 Qc7 22.
Bxe4 g6 23. Bxg6 Bc5 24. Bxe8 Qg7+ 25. Kh1 1-0

[Event "*** Titled Tuesday Blitz"]
[Site "Chess.com"]
[Date "2020.03.03"]
[Round "5"]
[White "Sergey85Rodchenkov"]
[Black "VladimirBelous"]
[Result "0-1"]
[WhiteElo "2567"]
[BlackElo "2787"]
[TimeControl "180+1"]
[EndTime "13:47:40 PST"]
[Termination "VladimirBelous won by resignation"]

1. e4 c5 2. Nf3 Nc6 3. d4 cxd4 4. Nxd4 e5 5. Nb5 d6 6. N1c3 a6 7. Na3 b5 8. Nd5 Nce7 9. c4 Nxd5 10. exd5 bxc4 11. Nxc4 Be7 12. Bd2 Bd7 13. Ba5 Qb8 14.
Nb6 Bd8 15. Qb3 Nf6 16. Bc4 Ra7 17. Qe3 Rb7 0-1

[Event "*** Titled Tuesday Blitz"]
[Site "Chess.com"]
[Date "2020.03.03"]
[Round "5"]
[White "Martins-BR"]
[Black "MikeSailer"]
[Result "1-0"]
[WhiteElo "2332"]
[BlackElo "2117"]
[TimeControl "180+1"]
[EndTime "13:48:00 PST"]
[Termination "Martins-BR won by checkmate"]

1. e4 d5 2. exd5 Qxd5 3. Nc3 Qd6 4. d4 Nf6 5. Nf3 c6 6. Ne5 Nbd7 7. Nc4 Qc7 8. Qf3 Nb6 9. Ne5 Nbd5 10. Nxd5 Nxd5 11. Qxf7+ Kd8 12. Bd2 e6 13. Bg5+ Be7 14. Qxg7 Rf8 15. Qxf8# 1-0

[Event "*** Titled Tuesday Blitz"]
[Site "Chess.com"]
[Date "2020.03.03"]
[Round "5"]
[White "MartinCerveny"]
[Black "Vaathi_Coming"]
[Result "0-1"]
[WhiteElo "2622"]
[BlackElo "2824"]
[TimeControl "180+1"]
[EndTime "13:48:01 PST"]
[Termination "Vaathi_Coming won by resignation"]

1. d4 Nf6 2. c4 e6 3. Nf3 d5 4. g3 dxc4 5. Bg2 c5 6. O-O Nc6 7. e3 cxd4 8. exd4 Be7 9. Nbd2 Nxd4 10. Nxc4 Nxf3+ 11. Qxf3 O-O 12. Rd1 Qc7 13. b3 Nd5 14. Bb2 b5 15. Ne3 Bb7 16. Rac1 Qb6 17. Qg4 Nf6 18.
Qf4 Bxg2 19. Kxg2 Rac8 20. Ng4 Nxg4 21. Qxg4 f6 22. Rxc8 Rxc8 23. Rd7 Qc6+ 0-1

[Event "*** Titled Tuesday Blitz"]
[Site "Chess.com"]
[Date "2020.03.03"]
[Round "5"]
[White "violetflower04"]
[Black "Vegan4future"]
[Result "0-1"]
[WhiteElo "2152"]
[BlackElo "2537"]
[TimeControl "180+1"]
[EndTime "13:48:05 PST"]
[Termination "Vegan4future won by resignation"]

1. b3 e5 2. Bb2 Nc6 3. Nf3 e4 4. Nd4 Nxd4 5. Bxd4 c5 6. Bb2 d5 7. d3 Nf6 8. g3 exd3 9. cxd3 Be6 10. Bg2 Qd7 11. Nd2 Be7 12. Rc1 Bh3 13. O-O h5 14.
Nf3 h4 15. Ne5 Qe6 16. Nf3 Bxg2 17. Kxg2 hxg3 18. hxg3 Qh3+ 0-1

[Event "*** Titled Tuesday Blitz"]
[Site "Chess.com"]
[Date "2020.03.03"]
[Round "5"]
[White "Babas"]
[Black "DACF2905"]
[Result "1-0"]
[WhiteElo "2361"]
[BlackElo "2206"]
[TimeControl "180+1"]
[EndTime "13:48:44 PST"]
[Termination "Babas won by resignation"]

1. d4 Nf6 2. Nf3 e6 3. c4 b6 4. Bg5 Be7 5. Nc3 Bb7 6. Qc2 d5 7. cxd5 Nxd5 8. Bxe7 Qxe7 9. e4 Nxc3 10. bxc3 c5 11.
Bb5+ Bc6 12. Qa4 Bxb5 13. Qxb5+ Qd7 14. a4 cxd4 15. cxd4 Nc6 16. Rc1 Rc8 17. Ne5 a6 18. Nxd7 axb5 19. Nxb6 1-0

[Event "*** Titled Tuesday Blitz"]
[Site "Chess.com"]
[Date "2020.03.03"]
[Round "5"]
[White "Bulldog167"]
[Black "Parhamov"]
[Result "0-1"]
[WhiteElo "2765"]
[BlackElo "3049"]
[TimeControl "180+1"]
[EndTime "13:48:49 PST"]
[Termination "Parhamov won by resignation"]

1. d4 Nf6 2. c4 e6 3. Nf3 d5 4.
Nc3 dxc4 5. e4 b5 6. e5 Nd5 7. Nxb5 Nb6 8. Be2 Nc6 9. O-O Be7 10. Qd2 O-O 11. Qf4 Rb8 12. Nc3 Bb7 13. Qg4 Kh8 14. Rd1 Nb4 15. Bg5 f6 16. exf6 Bxf6 17.
Be3 Nc2 18. Rac1 Nxe3 19. fxe3 Nd5 20. Kf2 Bg5 21. Nxd5 exd5 22. Rc3 Bc8 23. Qh5 g6 0-1

[Event "*** Titled Tuesday Blitz"]
[Site "Chess.com"]
[Date "2020.03.03"]
[Round "5"]
[White "HomayoonTofighi"]
[Black "MatthewG-p4p"]
[Result "1-0"]
[WhiteElo "2625"]
[BlackElo "2781"]
[TimeControl "180+1"]
[EndTime "13:49:08 PST"]
[Termination "HomayoonTofighi won by resignation"]

1. e4 e6 2. d4 d5 3. Nd2 a6 4. Ngf3 Nf6 5. Bd3 c5 6. exd5 exd5 7. dxc5 Bxc5 8. Nb3 Bb6 9. O-O O-O 10. Bg5 h6 11.
Bh4 g5 12. Bg3 Ne4 13. Bxe4 dxe4 14. Nfd2 f5 15. Qh5 Qf6 16. Be5 Qxe5 17. Qg6+ Qg7 18. Qxb6 Nd7 19. Qd6 Qxb2 20. Nd4 Nf6 21. Nc4 Qc3 22.
Nb6 Ra7 23. Rab1 Rf7 24. Qb8 1-0

[Event "*** Titled Tuesday Blitz"]
[Site "Chess.com"]
[Date "2020.03.03"]
[Round "5"]
[White "pedromartinez91"]
[Black "northridgehawk"]
[Result "1-0"]
[WhiteElo "2559"]
[BlackElo "2262"]
[TimeControl "180+1"]
[EndTime "13:49:08 PST"]
[Termination "pedromartinez91 won by resignation"]

1. e4 e5 2. Nf3 Nc6 3. Bb5 a6 4. Ba4 Nf6 5. O-O b5 6. Bb3 Bc5 7.
d3 d6 8. a3 Bb6 9. Bg5 h6 10.
Be3 Bxe3 11. fxe3 O-O 12. Nc3 Be6 13. Nd5 Bxd5 14. Bxd5 Nxd5 15. exd5 Ne7 16. e4 f5 17. Nh4 f4 18. Qg4 Qc8 19. Qxc8 Raxc8 20. c3 c6 21. dxc6 Rxc6 22. a4 b4 23. cxb4 Rb8 24. b5 axb5 25.
a5 Rc2 26. b4 Rb2 27. Rfb1 Rd2 28. Rd1 Rb2 29. Rdb1 Rd2 30. Ra3 Nc6 31. Nf5 Rd8 32. Rc1 Nxb4 33. a6 Ra8 34. a7 Rxd3 35. Rxd3 Nxd3 36. Rc7 b4 37. Rb7 Kh7 38. Rxg7+ Kh8 39. Rb7 b3 40. Rb8+ Kh7 41. Rxa8 b2 42. Rb8 1-0

[Event "*** Titled Tuesday Blitz"]
[Site "Chess.com"]
[Date "2020.03.03"]
[Round "5"]
[White "AyMitecK"]
[Black "TheBigBadChessDad"]
[Result "1/2-1/2"]
[WhiteElo "2323"]
[BlackElo "2315"]
[TimeControl "180+1"]
[EndTime "13:49:14 PST"]
[Termination "Game drawn by repetition"]

1. e4 e5 2. Nf3 Nf6 3. Nxe5 d6 4. Nf3 Nxe4 5. Nc3 Nxc3 6. dxc3 Be7 7. Bd3 Nd7 8. Be3 O-O 9. Qd2 Re8 10. O-O-O c6 11. g4 Ne5 12. Nxe5 dxe5 13. f3 Qa5 14. Kb1 Be6 15.
c4 Qxd2 16. Rxd2 h6 17. Rhd1 Bg5 18. Bxg5 hxg5 19. b3 Kf8 20. Rh1 Ke7 21. h4 gxh4 22.
Rxh4 Rh8 23. Rdh2 Rxh4 24. Rxh4 f6 25. Bg6 c5 26. Rh7 Rg8 27. Kc1 Bf7 28. Be4 b6 29. Kd2 Rd8+ 30. Ke3 Kf8 31. Rh8+ Ke7 32. Rh7 Kf8 33.
Rh8+ Ke7 34. Rh7 1/2-1/2

[Event "*** Titled Tuesday Blitz"]
[Site "Chess.com"]
[Date "2020.03.03"]
[Round "5"]
[White "marcodobrikov"]
[Black "M1711"]
[Result "0-1"]
[WhiteElo "2551"]
[BlackElo "2534"]
[TimeControl "180+1"]
[EndTime "13:49:21 PST"]
[Termination "M1711 won by resignation"]

1. e4 e5 2. Nf3 d5 3. exd5 e4 4. Qe2 Nf6 5. d3 Qxd5 6. Nc3 Bb4 7. Bd2 Bxc3 8. Bxc3 O-O 9. Nd2 exd3 10. Qxd3 Re8+ 11.
Kd1 Qe6 12. Be2 Nc6 13. Bf3 Ne5 14. Bxe5 Qxe5 15. Qb3 Bg4 16. Bxg4 Nxg4 17. Qf3 Rad8 18. Qxg4 Qxb2 19. Rc1 Qc3 20. Qf4 Re4 21. Qg5 f6 0-1

[Event "*** Titled Tuesday Blitz"]
[Site "Chess.com"]
[Date "2020.03.03"]
[Round "5"]
[White "Perecke"]
[Black "Barcelona_Guy"]
[Result "0-1"]
[WhiteElo "2299"]
[BlackElo "2584"]
[TimeControl "180+1"]
[EndTime "13:49:22 PST"]
[Termination "Barcelona_Guy won by resignation"]

1. e4 e5 2. Nf3 Nc6 3. d4 exd4 4. Bc4 Nf6 5. O-O Nxe4 6. Re1 d5 7. Bxd5 Qxd5 8. Nc3 Qd7 9. Rxe4+ Be7 10. Nxd4 f5 11. Rf4 O-O 12. Nxc6 Qxc6 13. Be3 Be6 14. Qf3 Qxf3 15.
Rxf3 Rad8 16. Bf4 Rd7 17. Re1 Rfd8 18. Bxc7 Rxc7 19. Rxe6 Rxc3 20. Kf1 Rxf3 21. gxf3 Bf6 22. Ke2 Kf7 23. Re3 Re8 0-1

[Event "*** Titled Tuesday Blitz"]
[Site "Chess.com"]
[Date "2020.03.03"]
[Round "5"]
[White "malandragem"]
[Black "vugarrasulov"]
[Result "0-1"]
[WhiteElo "2627"]
[BlackElo "2898"]
[TimeControl "180+1"]
[EndTime "13:49:30 PST"]
[Termination "vugarrasulov won by resignation"]

1. e4 c5 2. Nc3 d6 3. g3 g6 4. Bg2 Bg7 5. d3 Nc6 6. Bg5 Rb8 7. Nge2 b5 8. Rb1 b4 9. Nd5 h6 10. Be3 e6 11. Ndf4 Nf6 12. O-O O-O 13. h4 Bb7 14.
Qd2 Ng4 15. h5 g5 16. Nh3 Nxe3 17. fxe3 Ne5 18. c3 d5 19. Nf2 dxe4 20. Bxe4 Nf3+ 21.
Bxf3 Bxf3 22. d4 Bxh5 23. g4 Bg6 24. Rbd1 bxc3 25. bxc3 Qc7 26. Kg2 Rb6 27. Rb1 Bxb1 0-1

[Event "*** Titled Tuesday Blitz"]
[Site "Chess.com"]
[Date "2020.03.03"]
[Round "5"]
[White "ChelsieMonica"]
[Black "Ar4uha"]
[Result "0-1"]
[WhiteElo "2173"]
[BlackElo "2584"]
[TimeControl "180+1"]
[EndTime "13:49:33 PST"]
[Termination "Ar4uha won by resignation"]

1. c4 Nf6 2. Nc3 e6 3. d4 Bb4 4. Nf3 h6 5. e3 b6 6. Be2 Bb7 7. O-O Bxc3 8. bxc3 Ne4 9. Qc2 d6 10. Bd3 Ng5 11. Nxg5 Qxg5 12. e4 Qg6 13. f4 O-O 14. f5 exf5 15. exf5 Qf6 16. a4 a5 17. Qf2 Nd7 18.
Qg3 Rfe8 19. Ra2 Be4 20. Be2 Nf8 21. Bh5 Re7 22. Raf2 Rae8 23. Bd2 Nh7 24. h4 Bc6 25. Rf4 Re4 26. Kh2 Bxa4 27. Bf3 Rxf4 28. Qxf4 Bd7 29.
Bh5 Bc6 30. d5 Bd7 31. g3 Re5 32. Bg4 h5 33. Bh3 Re2+ 34. Rf2 Qe7 35. f6 Nxf6 36.
Bxd7 Rxf2+ 37. Qxf2 Qxd7 38. Bg5 Ng4+ 0-1